 Dungeon Crawl Stone Soup version 0.28.0 (webtiles) character file.

Game seed: 14076939149414439031

116 boopmooplesden the Skirmisher (level 4, -1/41 HPs)
             Began as a Minotaur Fighter on Feb 14, 2022.
             Slain by a gnoll (2 damage)
             ... on level 2 of the Dungeon.
             The game lasted 00:01:36 (1519 turns).

boopmooplesden the Skirmisher (Minotaur Fighter)    Turns: 1519, Time: 00:01:36

Health: -1/41      AC:  7    Str: 22    XL:     4   Next: 69%
Magic:  3/3        EV:  9    Int:  5    God:
Gold:   31         SH:  4    Dex: 10    Spells: 3/3 levels left

rFire   . . .      SeeInvis .   l - +9 club
rCold   . . .      Faith    .   c - +0 buckler
rNeg    . . .      Spirit   .   b - +0 scale mail
rPois   .          Reflect  .   (helmet restricted)
rElec   .          Harm     .   (no cloak)
rCorr   .          Rampage  .   (no gloves)
Will    .....                   (no boots)
Stlth   ..........              (no amulet)
HPRegen 0.13/turn               (no ring)
MPRegen 0.08/turn               (no ring)

@: no status effects
A: horns 2, retaliatory headbutt
a: no special abilities


You were on level 2 of the Dungeon.
You visited 1 branch of the dungeon, and saw 2 of its levels.

You collected 31 gold pieces.

Inventory:

Hand Weapons
 a - a +0 long sword
 l - a +9 club (weapon)
Armour
 b - a +0 scale mail (worn)
 c - a +0 buckler (worn)
Jewellery
 j - a ring of flight
Wands
 k - a wand of flame (14)
Scrolls
 g - a scroll of enchant weapon {unknown}
Potions
 d - 2 potions of might
 e - 2 potions of curing {unknown}
 f - a potion of degeneration {unknown}
 h - 2 potions of invisibility {unknown}
 i - 2 potions of heal wounds {unknown}


   Skills:
 + Level 4.4 Fighting
 + Level 4.1 Long Blades
 + Level 4.4 Armour
 + Level 0.2 Stealth
 + Level 4.3 Shields


You had 3 spell levels left.
You didn't know any spells.
Your spell library was empty.

Dungeon Overview and Level Annotations

Branches:
Dungeon (2/15)

Altars:


Innate Abilities, Weirdness & Mutations

You have a pair of horns on your head.
You reflexively headbutt those who attack you in melee.


Message History

The frilled lizard moves out of view.
A frilled lizard is nearby!
A frilled lizard is nearby!
You sock the frilled lizard!
You kill the frilled lizard!
You see here a frilled lizard corpse.
A gnoll comes into view. It is wielding a +0 club.
A gnoll is nearby!
A gnoll is nearby!
A gnoll comes into view.
It is wielding a +1 whip of electrocution.
There is an open door here.
The gnoll shouts!
You hit the gnoll.
The gnoll is lightly wounded.
You hear a shout!
You block the gnoll's attack.
You hit the gnoll. You headbutt the gnoll!
The gnoll is severely wounded.
The gnoll barely misses you.
A gnoll comes into view. It is wielding a +0 spear.
The gnoll hits you with a +0 club.
You hit the gnoll. Your headbutt misses the gnoll.
The gnoll is almost dead.
You block the gnoll's attack.
You hit the gnoll.
You kill the gnoll!
Your Long Blades skill increases to level 4!
You hit the gnoll but do no damage.
The gnoll hits you with a +1 whip of electrocution.
You are electrocuted!!
You barely miss the gnoll. Your headbutt misses the gnoll.
The gnoll hits you with a +1 whip of electrocution.
You are electrocuted!
* * * LOW HITPOINT WARNING * * *
You block the gnoll's attack. The gnoll closely misses you.
You barely miss the gnoll.
The gnoll hits you from afar with a +0 spear.
* * * LOW HITPOINT WARNING * * *
The gnoll hits you with a +1 whip of electrocution.
You die...

#............ #.
###........# #. #..
...........# #.
##..####
##........###.
.......#
##............. ......
##.............. ...#
##.......###.....
#.####.........##.....
#....@gg.......'......
#
#.####.........##..†..
#. #.#
##.......###.....
#.#####.# ##.....##
####.. #.......#
##...## ##[ ####.####
##'## #### #. #.# #.#
..# #. #.# #.# # #.#
#. #.# ######.#.#
##.###.


You could see 2 gnolls.

Vanquished Creatures
  Jessica (D:2)
  Robin (D:2)
  A gnoll (D:2)
  2 adders (D:2)
  A dart slug (D:1)
  3 ball pythons
  2 bats (D:2)
  3 endoplasms (D:1)
  2 giant cockroaches
  8 goblins (D:2)
  8 hobgoblins
  4 jackals (D:2)
  3 quokkas (D:2)
  4 frilled lizards
  2 rats
45 creatures vanquished.

Notes
Turn   | Place    | Note
-------+----------+-------------------------------------------
     0 | D:1      | boopmooplesden the Minotaur Fighter began the quest for the
                  | Orb.
     0 | D:1      | Reached XP level 1. HP: 19/19 MP: 0/0
   290 | D:1      | Reached XP level 2. HP: 27/27 MP: 1/1
   656 | D:2      | Noticed Robin
   674 | D:2      | Reached XP level 3. HP: 17/33 MP: 2/2
   689 | D:2      | Killed Robin
  1114 | D:2      | Found a faded altar of an unknown god.
  1280 | D:2      | Reached XP level 4. HP: 35/41 MP: 3/3
  1355 | D:2      | Noticed Jessica
  1361 | D:2      | Killed Jessica
  1519 | D:2      | HP: 1/41 [gnoll (3)]
  1519 | D:2      | Slain by a gnoll

Illustrated notes

Levels and vault maps discovered:
D:1:      roderic_crossed_star, layout_rooms
D:2:      layout_loops_corners, shapermc_ecumenical_altar_venn,
          minmay_hedge_maze, uniq_terence, uniq_robin, uniq_jessica

Skill      XL: |  1  2  3  4 |
---------------+-------------+-----
Shields        | 4 |  4.3
Fighting       | 4 |  4.4
Armour         | 4 |  4.4
Long Blades    | 3 4 |  4.1
Stealth        | |  0.2

Action                   |  1- 3 |  4- 6 || total
-------------------------+-------+-------++-------
Melee: Long sword        |   101 |    10 ||   111
       Headbutt          |    12 |     2 ||    14
       Club              |       |    10 ||    10
  Use: Scroll            |     1 |       ||     1
Armor: Scale mail        |    53 |     6 ||    59
Dodge: Dodged            |    57 |     5 ||    62
Block: Buckler           |    26 |     5 ||    31
